NULL
Full Scoreboard »»

Kings vs Hurricanes

Created - November 8, 2023 at 21:30

Goals
1 2 3 T
Kings 2 2 1 5
Hurricanes 0 1 1 2
Shots
1 2 3 T
Kings 9 10 13 32
Hurricanes 6 15 16 37

GoalsPenalties
1st period
1. Kings , William Karlsson 1 (Anze Kopitar 1) at 11:19
2. Kings , Kirill Marchenko 1 (Gabriel Vilardi 1, Oscar Klefbom 1) at 19:02
No Penalty
2nd period
3. Kings , William Karlsson 2 (Anze Kopitar 2, Patrik Laine 1) at 3:18 (PP)
4. Hurricanes , Viktor Arvidsson 2 (Robert Thomas 2) at 5:26
5. Kings , Matvei Michkov 1 (Yanni Gourde 1) at 15:27
Timothy Liljegren (CAR) for Cross-checking (Minor) at 2:49
Rasmus Sandin (CAR) for Hooking (Minor) at 13:13
3rd period
6. Kings , Yanni Gourde 1 (Ryan Donato 1, Oscar Klefbom 2) at 12:28
7. Hurricanes , Seth Jarvis 1 (Robert Thomas 3, Viktor Arvidsson 1) at 17:56
Noah Hanifin (LAK) for Holding Stick (Minor) at 5:41
Ilya Lyubushkin (LAK) for Tripping (Minor) at 9:42
Justin Faulk (CAR) for Fighting (Major) at 14:11
Michael McCarron (LAK) for Fighting (Major) at 14:11
Sebastian Aho (CAR) for Tripping (Minor) at 19:32
Goalie Stats
Pheonix Copley (LAK), 35 saves from 37 shots - (0.946), W, 2-0-0, 60:00 minutes
Jake Oettinger (CAR), 12 saves from 16 shots - (0.750), L, 0-1-1, 35:27 minutes
Matt Murray (CAR), 15 saves from 16 shots - (0.938), 24:33 minutes
3 StarsOfficial
1 - Yanni Gourde (LAK)
2 - William Karlsson (LAK)
3 - Pheonix Copley (LAK)
Referees : Unknown
Linesman : Unknown
Game Note
Matt Murray enters game at 15:27 of 2nd period
Justin Faulk and Michael McCarron fight to a draw at 14:11 of 3rd period



Team Name Goals Shots Shots Attemp Shots Blocked PIM HIT PP PK FO%
Kings 5327559211 / 3 (33%)039%
Hurricanes 237571711260 / 2 (0%)161%

Kings
Player Name POS G A P +/- PIM HIT SHT SB MP PP MP PP SHT PK MP PK SHT FO% FOT GA TA
Aleksander BarkovC000-1013018:331:1500:00042% 1920
Anze KopitarC0220011018:511:4002:05056% 1601
Ben HuttonD0000002016:170:0000:5200% 002
Gabriel VilardiC011101306:410:0000:00020% 500
Gustav ForslingD0000002123:291:2602:1200% 001
Ilya LyubushkinD0001210116:030:0000:0000% 001
Kevin FialaC/LW/RW000-1021018:331:1500:0000% 111
Kirill MarchenkoRW101100206:410:0000:0000% 001
Matvei MichkovRW1011005013:290:0000:0000% 010
Michael McCarronC000150016:190:0000:0000% 101
Noah HanifinD0000222022:201:2601:0000% 001
Oscar KlefbomD0222001121:141:2901:4600% 000
Patrik LaineLW/RW0110014116:421:4000:0000% 010
Rickard RakellC/LW/RW000-1001018:331:1500:00033% 321
Ryan DonatoC/LW/RW0112030015:550:0001:53033% 301
Vladislav GavrikovD0002020021:261:2902:0600% 002
William KarlssonC/LW/RW2020023018:511:4012:0500% 130
Yanni GourdeC/LW/RW1122052016:020:0001:53035% 2010
Hurricanes
Player Name POS G A P +/- PIM HIT SHT SB MP PP MP PP SHT PK MP PK SHT FO% FOT GA TA
Adam BoqvistD0001011219:072:2000:0000% 002
Adam HenriqueC/LW000-3010016:071:4301:16058% 1200
Andreas AthanasiouC/LW/RW000-2025014:320:0001:3910% 010
Cam AtkinsonC/RW000-2001012:530:0000:0000% 022
Chris TanevD000-2020621:160:0001:2000% 010
Elmer SoderblomC/LW/RW000-101306:460:0000:0000% 000
Justin FaulkD000-1533320:382:2001:3500% 012
Mitch MarnerRW0000038019:122:1500:0000% 101
Ondrej PalatLW/RW000-1011018:270:0001:1600% 001
Peyton KrebsC/LW000-102006:460:0000:0000% 000
Rasmus SandinD000-2211220:211:3800:0000% 001
Robert ThomasC/LW/RW0222012117:591:4300:00076% 2920
Sean KuralyC/LW/RW000-101008:250:0001:39029% 700
Sebastian AhoC/LW/RW0000233019:112:1520:00063% 1620
Seth JarvisC/LW/RW1012022018:322:1500:00050% 220
Timothy LiljegrenD000-2220220:581:3801:0400% 002
Troy StecherD0001003117:520:0001:5100% 000
Viktor ArvidssonLW/RW1122004017:591:4300:0000% 220

Kings

5 vs 5 Forward
Line #Left WingCenterRight WingPHYDFOFWanted %Time %Time Play
1Kevin FialaAleksander BarkovRickard Rakell1223233%17:22
2William KarlssonAnze KopitarPatrik Laine1223130%15:49
3Ryan DonatoYanni GourdeMatvei Michkov1222725%13:15
4Michael McCarronGabriel VilardiKirill Marchenko1221013%6:41
5 vs 5 Defense
Line #DefenseDefensePHYDFOFWanted %Time %Time Play
1Noah HanifinGustav Forsling1223636%19:14
2Vladislav GavrikovOscar Klefbom1223434%17:51
3Ben HuttonIlya Lyubushkin1223029%15:25
4Noah HanifinGustav Forsling12201%0:37
Power Play Forward
Line #Left WingCenterRight WingPHYDFOFWanted %Time %Time Play
1Kevin FialaAleksander BarkovRickard Rakell1135043%1:15
2William KarlssonAnze KopitarPatrik Laine1135057%1:40
Power Play Defense
Line #DefenseDefensePHYDFOFWanted %Time %Time Play
1Noah HanifinGustav Forsling1225049%1:26
2Vladislav GavrikovOscar Klefbom1225051%1:29
Penalty Kill 4 Players Forward
Line #CenterWingPHYDFOFWanted %Time %Time Play
1Anze KopitarWilliam Karlsson1225053%2:05
2Yanni GourdeRyan Donato1225047%1:53
Penalty Kill 4 Players Defense
Line #DefenseDefensePHYDFOFWanted %Time %Time Play
1Noah HanifinGustav Forsling1225055%2:12
2Vladislav GavrikovOscar Klefbom1225045%1:46
Penalty Kill 3 Players
Line #WingPHYDFOFWanted %Time %Time PlayDefenseDefensePHYDFOFWanted %Time %Time Play
1Anze Kopitar122500%0:00 Noah HanifinGustav Forsling122500%0:00
2Yanni Gourde122500%0:00 Vladislav GavrikovOscar Klefbom122500%0:00
4 vs 4 Forward
Line #CenterWingPHYDFOFWanted %Time %Time Play
1Aleksander BarkovAnze Kopitar122500%0:00
2William KarlssonRickard Rakell122500%0:00
4 vs 4 Defense
Line #DefensePHYDFOFWanted %Time %Time Play
1Noah HanifinGustav Forsling122500%0:00
2Vladislav GavrikovOscar Klefbom122500%0:00
Last Minutes Offensive
Left WingCenterRight WingDefenseDefense
Kevin FialaAleksander BarkovRickard RakellNoah HanifinGustav Forsling
Last Minutes Defensive
Left WingCenterRight WingDefenseDefense
Kevin FialaAleksander BarkovRickard RakellNoah HanifinGustav Forsling
Time
Total ForwardTotal DefenseLast Minutes OffensiveLast Minutes Defensive
60:00 60:00 0:000:00
Extra Forwards
Normal PowerPlayPenalty Kill
Matvei Michkov, Yanni Gourde, Gabriel VilardiYanni Gourde, Matvei MichkovGabriel Vilardi
Extra Defensemen
Normal PowerPlayPenalty Kill
Ben Hutton, Ilya Lyubushkin, Vladislav GavrikovBen Hutton, Ben HuttonVladislav Gavrikov
Penalty Shots
Aleksander Barkov, Anze Kopitar, Kevin Fiala, Rickard Rakell, William Karlsson
Goalie
Pheonix Copley, Anton Forsberg
Custom OT Lines Forwards
Aleksander Barkov, Anze Kopitar, Kevin Fiala, Rickard Rakell, William Karlsson, Patrik Laine, Yanni Gourde, Gabriel Vilardi, Matvei Michkov, Ryan Donato
Custom OT Lines Defensemen
Noah Hanifin, Gustav Forsling, Vladislav Gavrikov, Oscar Klefbom, Ben Hutton
Scratches
Joel Hanley (Healthy), Nicolas Aube-Kubel (Healthy)

Hurricanes

5 vs 5 Forward
Line #Left WingCenterRight WingPHYDFOFWanted %Time %Time Play
1Ondrej PalatSebastian AhoMitch Marner1223232%17:12
2Viktor ArvidssonRobert ThomasSeth Jarvis1223231%16:16
3Andreas AthanasiouAdam HenriqueCam Atkinson1222624%12:53
4Peyton KrebsSean KuralyElmer Soderblom1221013%6:46
5 vs 5 Defense
Line #DefenseDefensePHYDFOFWanted %Time %Time Play
1Justin FaulkRasmus Sandin1223535%18:36
2Timothy LiljegrenChris Tanev1223534%18:02
3Adam BoqvistTroy Stecher1223030%16:01
4Justin FaulkChris Tanev12201%0:28
Power Play Forward
Line #Left WingCenterRight WingPHYDFOFWanted %Time %Time Play
1Seth JarvisSebastian AhoMitch Marner1225057%2:15
2Adam HenriqueRobert ThomasViktor Arvidsson1225043%1:43
Power Play Defense
Line #DefenseDefensePHYDFOFWanted %Time %Time Play
1Justin FaulkAdam Boqvist1225059%2:20
2Rasmus SandinTimothy Liljegren1225041%1:38
Penalty Kill 4 Players Forward
Line #CenterWingPHYDFOFWanted %Time %Time Play
1Adam HenriqueOndrej Palat1225043%1:16
2Sean KuralyAndreas Athanasiou1225057%1:39
Penalty Kill 4 Players Defense
Line #DefenseDefensePHYDFOFWanted %Time %Time Play
1Timothy LiljegrenChris Tanev1225046%1:20
2Troy StecherJustin Faulk1225054%1:35
Penalty Kill 3 Players
Line #WingPHYDFOFWanted %Time %Time PlayDefenseDefensePHYDFOFWanted %Time %Time Play
1Mitch Marner122500%0:00 Justin FaulkChris Tanev122500%0:00
2Sebastian Aho122500%0:00 Rasmus SandinTimothy Liljegren122500%0:00
4 vs 4 Forward
Line #CenterWingPHYDFOFWanted %Time %Time Play
1Sebastian AhoMitch Marner122500%0:00
2Robert ThomasOndrej Palat122500%0:00
4 vs 4 Defense
Line #DefensePHYDFOFWanted %Time %Time Play
1Justin FaulkChris Tanev122500%0:00
2Rasmus SandinTimothy Liljegren122500%0:00
Last Minutes Offensive
Left WingCenterRight WingDefenseDefense
Robert ThomasSebastian AhoMitch MarnerJustin FaulkAdam Boqvist
Last Minutes Defensive
Left WingCenterRight WingDefenseDefense
Ondrej PalatSeth JarvisMitch MarnerJustin FaulkChris Tanev
Time
Total ForwardTotal DefenseLast Minutes OffensiveLast Minutes Defensive
60:00 60:00 0:000:00
Extra Forwards
Normal PowerPlayPenalty Kill
Peyton Krebs, Adam Henrique, Seth JarvisPeyton Krebs, Adam HenriqueSeth Jarvis
Extra Defensemen
Normal PowerPlayPenalty Kill
Adam Boqvist, Troy Stecher, Rasmus SandinAdam Boqvist, Troy StecherRasmus Sandin
Penalty Shots
Mitch Marner, Sebastian Aho, Ondrej Palat, Robert Thomas, Viktor Arvidsson
Goalie
Jake Oettinger, Matt Murray
Custom OT Lines Forwards
Mitch Marner, Sebastian Aho, Ondrej Palat, Robert Thomas, Viktor Arvidsson, Adam Henrique, Andreas Athanasiou, Seth Jarvis, Cam Atkinson, Sean Kuraly
Custom OT Lines Defensemen
Justin Faulk, Chris Tanev, Rasmus Sandin, Timothy Liljegren, Adam Boqvist
Scratches
Jesper Boqvist (Healthy), Robert Bortuzzo (Healthy)


Play-by-Play

1st period


0:01 of 1st period - Sebastian Aho wins face-off versus Aleksander Barkov in neutral zone.
0:09 of 1st period - Off-side.
0:10 of 1st period - Aleksander Barkov wins face-off versus Sebastian Aho in neutral zone.
0:15 of 1st period - Justin Faulk is hit by Noah Hanifin and loses puck.
1:59 of 1st period - Off-side.
2:00 of 1st period - Robert Thomas wins face-off versus Anze Kopitar in neutral zone.
2:56 of 1st period - Snap shot by Cam Atkinson.
2:56 of 1st period - Stopped by Pheonix Copley with a rebound.
2:58 of 1st period - Slapshot by Troy Stecher.
2:58 of 1st period - Deflect By Yanni Gourde.
2:58 of 1st period - Stopped by Pheonix Copley with a rebound.
3:42 of 1st period - Elmer Soderblom is hit by Yanni Gourde.
3:43 of 1st period - Icing by Elmer Soderblom.
3:44 of 1st period - Sean Kuraly wins face-off versus Yanni Gourde in Hurricanes zone.
4:30 of 1st period - Snap shot by Gabriel Vilardi.
4:30 of 1st period - Shot Misses the Net.
4:32 of 1st period - Slapshot by Noah Hanifin.
4:32 of 1st period - Shot Blocked by Chris Tanev.
5:04 of 1st period - Off-side.
5:05 of 1st period - Robert Thomas wins face-off versus Gabriel Vilardi in neutral zone.
5:08 of 1st period - Slapshot by Adam Boqvist.
5:08 of 1st period - Shot Blocked by Oscar Klefbom.
5:13 of 1st period - Icing by Gabriel Vilardi.
5:14 of 1st period - Adam Henrique wins face-off versus Michael McCarron in Kings zone.
5:49 of 1st period - Cam Atkinson is hit by Vladislav Gavrikov and loses puck.
6:19 of 1st period - Adam Henrique is hit by Gabriel Vilardi and loses puck.
6:39 of 1st period - Icing by Michael McCarron.
6:40 of 1st period - Robert Thomas wins face-off versus Gabriel Vilardi in Kings zone.
6:49 of 1st period - Slapshot by Gabriel Vilardi.
6:49 of 1st period - Stopped by Jake Oettinger with a rebound.
6:51 of 1st period - Slapshot by Gabriel Vilardi.
6:51 of 1st period - Shot Misses the Net.
6:53 of 1st period - Slapshot by Vladislav Gavrikov.
6:53 of 1st period - Shot Misses the Net.
6:55 of 1st period - Snap shot by Vladislav Gavrikov.
6:55 of 1st period - Deflect By Gabriel Vilardi.
6:55 of 1st period - Stopped by Jake Oettinger with a rebound.
6:57 of 1st period - Snap shot by Kirill Marchenko.
6:57 of 1st period - Stopped by Jake Oettinger without a rebound.
6:58 of 1st period - Anze Kopitar wins face-off versus Sebastian Aho in Hurricanes zone.
7:13 of 1st period - Slapshot by Patrik Laine.
7:13 of 1st period - Stopped by Jake Oettinger with a rebound.
7:45 of 1st period - Slapshot by Justin Faulk.
7:45 of 1st period - Shot Blocked by Ilya Lyubushkin.
7:47 of 1st period - Wrist shot by Elmer Soderblom.
7:47 of 1st period - Shot Misses the Net.
7:49 of 1st period - Snap shot by Elmer Soderblom.
7:49 of 1st period - Shot Misses the Net.
7:51 of 1st period - Snap shot by Elmer Soderblom.
7:51 of 1st period - Stopped by Pheonix Copley with a rebound.
7:53 of 1st period - Wrist shot by Elmer Soderblom.
7:53 of 1st period - Stopped by Pheonix Copley with a rebound.
8:25 of 1st period - Rasmus Sandin is hit by Yanni Gourde and loses puck.
9:42 of 1st period - Icing by Vladislav Gavrikov.
9:43 of 1st period - Sebastian Aho wins face-off versus Anze Kopitar in Kings zone.
10:03 of 1st period - Snap shot by Yanni Gourde.
10:03 of 1st period - Shot Misses the Net.
10:07 of 1st period - Snap shot by Matvei Michkov.
10:07 of 1st period - Stopped by Jake Oettinger without a rebound.
10:08 of 1st period - Rickard Rakell wins face-off versus Robert Thomas in Hurricanes zone.
10:35 of 1st period - Gustav Forsling is hit by Adam Henrique.
10:36 of 1st period - Icing by Gustav Forsling.
10:37 of 1st period - Anze Kopitar wins face-off versus Adam Henrique in Kings zone.
11:03 of 1st period - Snap shot by Patrik Laine.
11:03 of 1st period - Shot Misses the Net.
11:19 of 1st period - Wrist shot by Anze Kopitar.
11:19 of 1st period - Deflect By William Karlsson.
11:19 of 1st period - Goal by William Karlsson - Kings : 1 - Hurricanes : 0.
11:20 of 1st period - Robert Thomas wins face-off versus Yanni Gourde in neutral zone.
11:35 of 1st period - Wrist shot by Robert Thomas.
11:35 of 1st period - Shot Misses the Net.
12:09 of 1st period - Michael McCarron is hit by Sebastian Aho and loses puck.
12:44 of 1st period - Icing by Patrik Laine.
12:45 of 1st period - Anze Kopitar wins face-off versus Sean Kuraly in Kings zone.
12:54 of 1st period - William Karlsson is hit by Sean Kuraly and loses puck.
13:11 of 1st period - William Karlsson is hit by Timothy Liljegren and loses puck.
15:40 of 1st period - Snap shot by Justin Faulk.
15:40 of 1st period - Deflect By Elmer Soderblom.
15:40 of 1st period - Shot Blocked by Michael McCarron.
15:40 of 1st period - Puck is out of play.
15:41 of 1st period - Seth Jarvis wins face-off versus Yanni Gourde in Kings zone.
15:44 of 1st period - Wrist shot by Robert Thomas.
15:44 of 1st period - Stopped by Pheonix Copley without a rebound.
15:45 of 1st period - Yanni Gourde wins face-off versus Robert Thomas in Kings zone.
16:18 of 1st period - Snap shot by Aleksander Barkov.
16:18 of 1st period - Deflect By Rickard Rakell.
16:18 of 1st period - Stopped by Jake Oettinger without a rebound.
16:19 of 1st period - Robert Thomas wins face-off versus Aleksander Barkov in Hurricanes zone.
16:44 of 1st period - Sebastian Aho is hit by Ilya Lyubushkin and loses puck.
17:05 of 1st period - Vladislav Gavrikov is hit by Sebastian Aho and loses puck.
17:12 of 1st period - Timothy Liljegren is hit by Anze Kopitar and loses puck.
17:35 of 1st period - Slapshot by Patrik Laine.
17:35 of 1st period - Stopped by Jake Oettinger with a rebound.
17:37 of 1st period - Slapshot by Gustav Forsling.
17:37 of 1st period - Shot Hit the Post.
18:07 of 1st period - Snap shot by Anze Kopitar.
18:07 of 1st period - Deflect By Patrik Laine.
18:07 of 1st period - Shot Misses the Net.
18:07 of 1st period - Puck is out of play.
18:08 of 1st period - Yanni Gourde wins face-off versus Viktor Arvidsson in Hurricanes zone.
18:23 of 1st period - Viktor Arvidsson is hit by Yanni Gourde and loses puck.
19:02 of 1st period - Snap shot by Kirill Marchenko.
19:02 of 1st period - Goal by Kirill Marchenko - Kings : 2 - Hurricanes : 0.
19:03 of 1st period - Robert Thomas wins face-off versus Yanni Gourde in neutral zone.
19:41 of 1st period - Wrist shot by Andreas Athanasiou.
19:41 of 1st period - Stopped by Pheonix Copley with a rebound.
Goals for this period are 2 for Kings vs 0 for Hurricanes.
Shots for this period are 9 for Kings vs 6 for Hurricanes.

2nd period


0:01 of 2nd period - Robert Thomas wins face-off versus Yanni Gourde in neutral zone.
0:14 of 2nd period - Snap shot by Viktor Arvidsson.
0:14 of 2nd period - Shot Misses the Net.
0:20 of 2nd period - Justin Faulk is hit by Yanni Gourde and loses puck.
0:43 of 2nd period - Slapshot by William Karlsson.
0:43 of 2nd period - Shot Blocked by Justin Faulk.
0:45 of 2nd period - Slapshot by Ilya Lyubushkin.
0:45 of 2nd period - Shot Blocked by Rasmus Sandin.
0:57 of 2nd period - Slapshot by Andreas Athanasiou.
0:57 of 2nd period - Shot Misses the Net.
0:59 of 2nd period - Slapshot by Justin Faulk.
0:59 of 2nd period - Shot Misses the Net.
1:01 of 2nd period - Slapshot by Rasmus Sandin.
1:01 of 2nd period - Stopped by Pheonix Copley with a rebound.
1:03 of 2nd period - Wrist shot by Andreas Athanasiou.
1:03 of 2nd period - Stopped by Pheonix Copley without a rebound.
1:04 of 2nd period - Yanni Gourde wins face-off versus Adam Henrique in Kings zone.
1:19 of 2nd period - Snap shot by Matvei Michkov.
1:19 of 2nd period - Shot Blocked by Adam Boqvist.
1:38 of 2nd period - Sean Kuraly is hit by Vladislav Gavrikov and loses puck.
2:06 of 2nd period - Snap shot by Mitch Marner.
2:06 of 2nd period - Stopped by Pheonix Copley without a rebound.
2:07 of 2nd period - Robert Thomas wins face-off versus Yanni Gourde in Kings zone.
2:22 of 2nd period - Snap shot by Matvei Michkov.
2:22 of 2nd period - Shot Blocked by Robert Thomas.
2:49 of 2nd period - Minor Penalty to Timothy Liljegren for Cross-checking.
2:50 of 2nd period - Adam Henrique wins face-off versus Rickard Rakell in Hurricanes zone.
2:58 of 2nd period - Off-side.
2:59 of 2nd period - Sean Kuraly wins face-off versus Kevin Fiala in neutral zone.
3:02 of 2nd period - Wrist shot by Andreas Athanasiou.
3:02 of 2nd period - Stopped by Pheonix Copley without a rebound.
3:03 of 2nd period - Anze Kopitar wins face-off versus Sean Kuraly in Kings zone.
3:18 of 2nd period - Slapshot by William Karlsson.
3:18 of 2nd period - Goal by William Karlsson - Kings : 3 - Hurricanes : 0.
3:19 of 2nd period - Robert Thomas wins face-off versus Ryan Donato in neutral zone.
3:31 of 2nd period - Off-side.
3:32 of 2nd period - Sebastian Aho wins face-off versus Aleksander Barkov in neutral zone.
3:35 of 2nd period - Kevin Fiala is hit by Mitch Marner and loses puck.
3:44 of 2nd period - Wrist shot by Rickard Rakell.
3:44 of 2nd period - Deflect By Kevin Fiala.
3:44 of 2nd period - Shot Blocked by Justin Faulk.
3:44 of 2nd period - Puck is out of play.
3:45 of 2nd period - Robert Thomas wins face-off versus Yanni Gourde in Hurricanes zone.
3:50 of 2nd period - Snap shot by Matvei Michkov.
3:50 of 2nd period - Shot Misses the Net.
3:52 of 2nd period - Slapshot by Ilya Lyubushkin.
3:52 of 2nd period - Shot Misses the Net.
3:54 of 2nd period - Snap shot by Ilya Lyubushkin.
3:54 of 2nd period - Shot Blocked by Timothy Liljegren.
4:00 of 2nd period - Snap shot by Yanni Gourde.
4:00 of 2nd period - Shot Blocked by Chris Tanev.
4:49 of 2nd period - Adam Henrique is hit by Patrik Laine and loses puck.
5:16 of 2nd period - Slapshot by Andreas Athanasiou.
5:16 of 2nd period - Deflect By Cam Atkinson.
5:16 of 2nd period - Shot Misses the Net.
5:16 of 2nd period - Puck is out of play.
5:17 of 2nd period - Robert Thomas wins face-off versus Aleksander Barkov in Kings zone.
5:20 of 2nd period - Backhand shot by Robert Thomas.
5:20 of 2nd period - Shot Misses the Net.
5:22 of 2nd period - Wrist shot by Viktor Arvidsson.
5:22 of 2nd period - Stopped by Pheonix Copley without a rebound.
5:23 of 2nd period - Robert Thomas wins face-off versus Aleksander Barkov in Kings zone.
5:24 of 2nd period - Wrist shot by Viktor Arvidsson.
5:24 of 2nd period - Shot Misses the Net.
5:26 of 2nd period - Slapshot by Viktor Arvidsson.
5:26 of 2nd period - Goal by Viktor Arvidsson - Kings : 3 - Hurricanes : 1.
5:27 of 2nd period - Sebastian Aho wins face-off versus Yanni Gourde in neutral zone.
5:41 of 2nd period - Wrist shot by Mitch Marner.
5:41 of 2nd period - Stopped by Pheonix Copley without a rebound.
5:42 of 2nd period - Aleksander Barkov wins face-off versus Robert Thomas in Kings zone.
6:58 of 2nd period - Oscar Klefbom is hit by Peyton Krebs and loses puck.
7:19 of 2nd period - Slapshot by Justin Faulk.
7:19 of 2nd period - Stopped by Pheonix Copley with a rebound.
7:25 of 2nd period - Backhand shot by Aleksander Barkov.
7:25 of 2nd period - Stopped by Jake Oettinger with a rebound.
7:49 of 2nd period - Yanni Gourde is hit by Justin Faulk and loses puck.
8:13 of 2nd period - Off-side.
8:14 of 2nd period - Robert Thomas wins face-off versus Aleksander Barkov in neutral zone.
8:27 of 2nd period - Snap shot by Aleksander Barkov.
8:27 of 2nd period - Shot Misses the Net.
8:29 of 2nd period - Wrist shot by Aleksander Barkov.
8:29 of 2nd period - Stopped by Jake Oettinger without a rebound.
8:30 of 2nd period - Sebastian Aho wins face-off versus Yanni Gourde in Hurricanes zone.
8:35 of 2nd period - Wrist shot by Mitch Marner.
8:35 of 2nd period - Stopped by Pheonix Copley with a rebound.
8:41 of 2nd period - Ryan Donato is hit by Timothy Liljegren and loses puck.
9:00 of 2nd period - Slapshot by Robert Thomas.
9:00 of 2nd period - Stopped by Pheonix Copley with a rebound.
9:26 of 2nd period - Slapshot by Elmer Soderblom.
9:26 of 2nd period - Stopped by Pheonix Copley without a rebound.
9:27 of 2nd period - Anze Kopitar wins face-off versus Sean Kuraly in Kings zone.
9:42 of 2nd period - Snap shot by Elmer Soderblom.
9:42 of 2nd period - Deflect By Sean Kuraly.
9:42 of 2nd period - Shot Blocked by Patrik Laine.
9:42 of 2nd period - Puck is out of play.
9:43 of 2nd period - Aleksander Barkov wins face-off versus Seth Jarvis in Kings zone.
10:09 of 2nd period - Troy Stecher is hit by Ryan Donato and loses puck.
10:16 of 2nd period - Ryan Donato is hit by Mitch Marner and loses puck.
10:37 of 2nd period - William Karlsson is hit by Justin Faulk and loses puck.
10:57 of 2nd period - Snap shot by Oscar Klefbom.
10:57 of 2nd period - Stopped by Jake Oettinger without a rebound.
10:58 of 2nd period - Robert Thomas wins face-off versus Aleksander Barkov in Hurricanes zone.
11:23 of 2nd period - Matvei Michkov is hit by Ondrej Palat and loses puck.
11:30 of 2nd period - Slapshot by Mitch Marner.
11:30 of 2nd period - Stopped by Pheonix Copley with a rebound.
11:35 of 2nd period - Off-side.
11:36 of 2nd period - Robert Thomas wins face-off versus Aleksander Barkov in neutral zone.
11:41 of 2nd period - Slapshot by Seth Jarvis.
11:41 of 2nd period - Stopped by Pheonix Copley with a rebound.
11:49 of 2nd period - Chris Tanev is hit by Aleksander Barkov and loses puck.
12:02 of 2nd period - William Karlsson is hit by Chris Tanev and loses puck.
12:42 of 2nd period - Icing by Andreas Athanasiou.
12:43 of 2nd period - Gabriel Vilardi wins face-off versus Sean Kuraly in Hurricanes zone.
12:44 of 2nd period - Slapshot by Noah Hanifin.
12:44 of 2nd period - Deflect By Troy Stecher.
12:44 of 2nd period - Stopped by Jake Oettinger with a rebound.
12:50 of 2nd period - Snap shot by Noah Hanifin.
12:50 of 2nd period - Stopped by Jake Oettinger without a rebound.
12:51 of 2nd period - Adam Henrique wins face-off versus Rickard Rakell in Hurricanes zone.
12:51 of 2nd period - Adam Henrique is hit by Noah Hanifin.
13:13 of 2nd period - Minor Penalty to Rasmus Sandin for Hooking.
13:14 of 2nd period - Adam Henrique wins face-off versus Aleksander Barkov in Hurricanes zone.
15:01 of 2nd period - Troy Stecher is hit by Kevin Fiala and loses puck.
15:13 of 2nd period - Penalty to Rasmus Sandin is over, Rasmus Sandin is back on ice.
15:20 of 2nd period - Ondrej Palat is hit by Ryan Donato and loses puck.
15:27 of 2nd period - Snap shot by Matvei Michkov.
15:27 of 2nd period - Goal by Matvei Michkov - Kings : 4 - Hurricanes : 1.
15:27 of 2nd period - Matt Murray enters game.
15:28 of 2nd period - Robert Thomas wins face-off versus Ryan Donato in neutral zone.
15:53 of 2nd period - Patrik Laine is hit by Elmer Soderblom and loses puck.
16:04 of 2nd period - Slapshot by Justin Faulk.
16:04 of 2nd period - Stopped by Pheonix Copley with a rebound.
16:26 of 2nd period - Slapshot by Gustav Forsling.
16:26 of 2nd period - Stopped by Matt Murray with a rebound.
17:02 of 2nd period - Icing by Ryan Donato.
17:03 of 2nd period - Sebastian Aho wins face-off versus Yanni Gourde in Kings zone.
17:12 of 2nd period - Ondrej Palat is hit by Ryan Donato and loses puck.
17:19 of 2nd period - Backhand shot by Matvei Michkov.
17:19 of 2nd period - Stopped by Matt Murray without a rebound.
17:20 of 2nd period - Robert Thomas wins face-off versus Aleksander Barkov in Hurricanes zone.
18:37 of 2nd period - Snap shot by Sean Kuraly.
18:37 of 2nd period - Shot Misses the Net.
18:39 of 2nd period - Snap shot by Troy Stecher.
18:39 of 2nd period - Stopped by Pheonix Copley without a rebound.
18:40 of 2nd period - Robert Thomas wins face-off versus Aleksander Barkov in Kings zone.
19:12 of 2nd period - Slapshot by Patrik Laine.
19:12 of 2nd period - Stopped by Matt Murray without a rebound.
19:13 of 2nd period - Adam Henrique wins face-off versus Anze Kopitar in Hurricanes zone.
19:26 of 2nd period - Wrist shot by Cam Atkinson.
19:26 of 2nd period - Shot Misses the Net.
19:28 of 2nd period - Snap shot by Cam Atkinson.
19:28 of 2nd period - Shot Misses the Net.
19:46 of 2nd period - Slapshot by Aleksander Barkov.
19:46 of 2nd period - Shot Blocked by Chris Tanev.
Goals for this period are 2 for Kings vs 1 for Hurricanes.
Shots for this period are 10 for Kings vs 15 for Hurricanes.

3rd period


0:01 of 3rd period - Sebastian Aho wins face-off versus Anze Kopitar in neutral zone.
0:04 of 3rd period - William Karlsson is hit by Mitch Marner and loses puck.
0:52 of 3rd period - Ryan Donato is hit by Andreas Athanasiou and loses puck.
1:19 of 3rd period - Snap shot by Justin Faulk.
1:19 of 3rd period - Shot Misses the Net.
1:21 of 3rd period - Backhand shot by Justin Faulk.
1:21 of 3rd period - Stopped by Pheonix Copley with a rebound.
1:41 of 3rd period - Wrist shot by William Karlsson.
1:41 of 3rd period - Shot Blocked by Rasmus Sandin.
2:01 of 3rd period - Snap shot by Kevin Fiala.
2:01 of 3rd period - Shot Blocked by Chris Tanev.
2:14 of 3rd period - Rickard Rakell is hit by Robert Thomas.
2:22 of 3rd period - Wrist shot by Viktor Arvidsson.
2:22 of 3rd period - Stopped by Pheonix Copley without a rebound.
2:23 of 3rd period - Anze Kopitar wins face-off versus Adam Henrique in Kings zone.
2:30 of 3rd period - Slapshot by Patrik Laine.
2:30 of 3rd period - Shot Blocked by Adam Boqvist.
2:32 of 3rd period - Backhand shot by Anze Kopitar.
2:32 of 3rd period - Stopped by Matt Murray without a rebound.
2:33 of 3rd period - Anze Kopitar wins face-off versus Adam Henrique in Hurricanes zone.
2:48 of 3rd period - Adam Henrique is hit by William Karlsson and loses puck.
2:59 of 3rd period - Snap shot by William Karlsson.
2:59 of 3rd period - Stopped by Matt Murray with a rebound.
3:01 of 3rd period - Slapshot by Vladislav Gavrikov.
3:01 of 3rd period - Deflect By Anze Kopitar.
3:01 of 3rd period - Shot Misses the Net.
3:01 of 3rd period - Puck is out of play.
3:02 of 3rd period - Aleksander Barkov wins face-off versus Sebastian Aho in Hurricanes zone.
3:03 of 3rd period - Snap shot by Kevin Fiala.
3:03 of 3rd period - Deflect By Aleksander Barkov.
3:03 of 3rd period - Shot Misses the Net.
3:03 of 3rd period - Puck is out of play.
3:04 of 3rd period - Aleksander Barkov wins face-off versus Sebastian Aho in Hurricanes zone.
3:13 of 3rd period - Kevin Fiala is hit by Rasmus Sandin and loses puck.
4:35 of 3rd period - Snap shot by Sebastian Aho.
4:35 of 3rd period - Shot Blocked by Gustav Forsling.
4:37 of 3rd period - Wrist shot by Mitch Marner.
4:37 of 3rd period - Stopped by Pheonix Copley with a rebound.
4:39 of 3rd period - Wrist shot by Mitch Marner.
4:39 of 3rd period - Stopped by Pheonix Copley without a rebound.
4:40 of 3rd period - Robert Thomas wins face-off versus Yanni Gourde in Kings zone.
5:41 of 3rd period - Minor Penalty to Noah Hanifin for Holding Stick.
5:42 of 3rd period - Sebastian Aho wins face-off versus William Karlsson in Kings zone.
5:48 of 3rd period - Wrist shot by Sebastian Aho.
5:48 of 3rd period - Stopped by Pheonix Copley without a rebound.
5:49 of 3rd period - Anze Kopitar wins face-off versus Mitch Marner in Kings zone.
6:02 of 3rd period - Slapshot by Rasmus Sandin.
6:02 of 3rd period - Deflect By Sebastian Aho.
6:02 of 3rd period - Stopped by Pheonix Copley without a rebound.
6:03 of 3rd period - Ryan Donato wins face-off versus Robert Thomas in Kings zone.
7:37 of 3rd period - Anze Kopitar is hit by Seth Jarvis and loses puck.
7:41 of 3rd period - Penalty to Noah Hanifin is over, Noah Hanifin is back on ice.
7:56 of 3rd period - Oscar Klefbom is hit by Peyton Krebs and loses puck.
8:11 of 3rd period - Snap shot by Gabriel Vilardi.
8:11 of 3rd period - Shot Misses the Net.
8:15 of 3rd period - Snap shot by Oscar Klefbom.
8:15 of 3rd period - Deflect By Kirill Marchenko.
8:15 of 3rd period - Shot Blocked by Timothy Liljegren.
8:15 of 3rd period - Puck is out of play.
8:16 of 3rd period - Aleksander Barkov wins face-off versus Sean Kuraly in Hurricanes zone.
8:19 of 3rd period - Slapshot by Aleksander Barkov.
8:19 of 3rd period - Stopped by Matt Murray with a rebound.
8:47 of 3rd period - Slapshot by Andreas Athanasiou.
8:47 of 3rd period - Stopped by Pheonix Copley with a rebound.
8:49 of 3rd period - Snap shot by Andreas Athanasiou.
8:49 of 3rd period - Stopped by Pheonix Copley with a rebound.
8:51 of 3rd period - Snap shot by Troy Stecher.
8:51 of 3rd period - Stopped by Pheonix Copley with a rebound.
9:42 of 3rd period - Minor Penalty to Ilya Lyubushkin for Tripping.
9:43 of 3rd period - Yanni Gourde wins face-off versus Robert Thomas in Kings zone.
10:14 of 3rd period - Yanni Gourde is hit by Sebastian Aho.
11:32 of 3rd period - Anze Kopitar is hit by Seth Jarvis and loses puck.
11:42 of 3rd period - Penalty to Ilya Lyubushkin is over, Ilya Lyubushkin is back on ice.
11:55 of 3rd period - Ilya Lyubushkin is hit by Chris Tanev and loses puck.
12:08 of 3rd period - Ilya Lyubushkin is hit by Andreas Athanasiou and loses puck.
12:17 of 3rd period - Chris Tanev is hit by Yanni Gourde and loses puck.
12:24 of 3rd period - Slapshot by Oscar Klefbom.
12:24 of 3rd period - Shot Blocked by Chris Tanev.
12:26 of 3rd period - Wrist shot by Yanni Gourde.
12:26 of 3rd period - Stopped by Matt Murray with a rebound.
12:28 of 3rd period - Wrist shot by Ryan Donato.
12:28 of 3rd period - Deflect By Yanni Gourde.
12:28 of 3rd period - Goal by Yanni Gourde - Kings : 5 - Hurricanes : 1.
12:29 of 3rd period - Aleksander Barkov wins face-off versus Sebastian Aho in neutral zone.
12:56 of 3rd period - Justin Faulk is hit by William Karlsson and loses puck.
13:03 of 3rd period - Slapshot by Patrik Laine.
13:03 of 3rd period - Shot Misses the Net.
13:05 of 3rd period - Slapshot by Ilya Lyubushkin.
13:05 of 3rd period - Shot Blocked by Justin Faulk.
13:07 of 3rd period - Snap shot by Ben Hutton.
13:07 of 3rd period - Stopped by Matt Murray without a rebound.
13:08 of 3rd period - Sebastian Aho wins face-off versus Gabriel Vilardi in Hurricanes zone.
13:13 of 3rd period - Wrist shot by Gabriel Vilardi.
13:13 of 3rd period - Stopped by Matt Murray with a rebound.
13:15 of 3rd period - Slapshot by Ben Hutton.
13:15 of 3rd period - Stopped by Matt Murray without a rebound.
13:16 of 3rd period - Sebastian Aho wins face-off versus Gabriel Vilardi in Hurricanes zone.
13:27 of 3rd period - Wrist shot by Mitch Marner.
13:27 of 3rd period - Stopped by Pheonix Copley without a rebound.
13:28 of 3rd period - Yanni Gourde wins face-off versus Robert Thomas in Kings zone.
13:54 of 3rd period - Aleksander Barkov is hit by Justin Faulk.
14:11 of 3rd period - Justin Faulk and Michael McCarron fight to a draw.
14:11 of 3rd period - Penalty to Justin Faulk for Fighting.
14:11 of 3rd period - Penalty to Michael McCarron for Fighting.
14:12 of 3rd period - Yanni Gourde wins face-off versus Robert Thomas in neutral zone.
14:17 of 3rd period - Slapshot by Yanni Gourde.
14:17 of 3rd period - Shot Blocked by Troy Stecher.
14:23 of 3rd period - Snap shot by Adam Boqvist.
14:23 of 3rd period - Stopped by Pheonix Copley without a rebound.
14:24 of 3rd period - Yanni Gourde wins face-off versus Viktor Arvidsson in Kings zone.
14:33 of 3rd period - Snap shot by Gustav Forsling.
14:33 of 3rd period - Stopped by Matt Murray without a rebound.
14:34 of 3rd period - Robert Thomas wins face-off versus Yanni Gourde in Hurricanes zone.
14:43 of 3rd period - Wrist shot by Matvei Michkov.
14:43 of 3rd period - Shot Misses the Net.
14:45 of 3rd period - Slapshot by Yanni Gourde.
14:45 of 3rd period - Shot Misses the Net.
14:47 of 3rd period - Snap shot by Noah Hanifin.
14:47 of 3rd period - Shot Misses the Net.
14:49 of 3rd period - Wrist shot by Noah Hanifin.
14:49 of 3rd period - Deflect By Matvei Michkov.
14:49 of 3rd period - Stopped by Matt Murray with a rebound.
14:51 of 3rd period - Slapshot by Noah Hanifin.
14:51 of 3rd period - Shot Misses the Net.
15:15 of 3rd period - Wrist shot by Matvei Michkov.
15:15 of 3rd period - Stopped by Matt Murray without a rebound.
15:16 of 3rd period - Aleksander Barkov wins face-off versus Sebastian Aho in Hurricanes zone.
15:25 of 3rd period - Wrist shot by Mitch Marner.
15:25 of 3rd period - Shot Misses the Net.
15:29 of 3rd period - Wrist shot by Mitch Marner.
15:29 of 3rd period - Stopped by Pheonix Copley with a rebound.
15:31 of 3rd period - Snap shot by Ondrej Palat.
15:31 of 3rd period - Stopped by Pheonix Copley with a rebound.
15:33 of 3rd period - Snap shot by Sebastian Aho.
15:33 of 3rd period - Stopped by Pheonix Copley without a rebound.
15:34 of 3rd period - Adam Henrique wins face-off versus Anze Kopitar in Kings zone.
16:24 of 3rd period - Mitch Marner is hit by Kevin Fiala and loses puck.
16:49 of 3rd period - Snap shot by Aleksander Barkov.
16:49 of 3rd period - Shot Blocked by Chris Tanev.
16:51 of 3rd period - Slapshot by Oscar Klefbom.
16:51 of 3rd period - Shot Misses the Net.
16:53 of 3rd period - Wrist shot by Vladislav Gavrikov.
16:53 of 3rd period - Shot Misses the Net.
16:59 of 3rd period - Wrist shot by Kevin Fiala.
16:59 of 3rd period - Shot Misses the Net.
17:05 of 3rd period - Wrist shot by Aleksander Barkov.
17:05 of 3rd period - Shot Misses the Net.
17:07 of 3rd period - Backhand shot by Oscar Klefbom.
17:07 of 3rd period - Shot Misses the Net.
17:36 of 3rd period - Wrist shot by Kevin Fiala.
17:36 of 3rd period - Stopped by Matt Murray without a rebound.
17:37 of 3rd period - Robert Thomas wins face-off versus Anze Kopitar in Hurricanes zone.
17:44 of 3rd period - Wrist shot by Patrik Laine.
17:44 of 3rd period - Stopped by Matt Murray without a rebound.
17:45 of 3rd period - Robert Thomas wins face-off versus Anze Kopitar in Hurricanes zone.
17:52 of 3rd period - Wrist shot by Viktor Arvidsson.
17:52 of 3rd period - Stopped by Pheonix Copley with a rebound.
17:54 of 3rd period - Snap shot by Robert Thomas.
17:54 of 3rd period - Shot Misses the Net.
17:56 of 3rd period - Snap shot by Seth Jarvis.
17:56 of 3rd period - Goal by Seth Jarvis - Kings : 5 - Hurricanes : 2.
17:57 of 3rd period - Adam Henrique wins face-off versus Yanni Gourde in neutral zone.
18:33 of 3rd period - Snap shot by William Karlsson.
18:33 of 3rd period - Shot Misses the Net.
19:03 of 3rd period - Aleksander Barkov is hit by Adam Boqvist and loses puck.
19:32 of 3rd period - Minor Penalty to Sebastian Aho for Tripping.
19:33 of 3rd period - Anze Kopitar wins face-off versus Adam Henrique in Hurricanes zone.
19:40 of 3rd period - Snap shot by Patrik Laine.
19:40 of 3rd period - Shot Misses the Net.
19:50 of 3rd period - Snap shot by Patrik Laine.
19:50 of 3rd period - Shot Misses the Net.
Goals for this period are 1 for Kings vs 1 for Hurricanes.
Shots for this period are 13 for Kings vs 16 for Hurricanes.